 Dungeon Crawl Stone Soup version 0.23.2 (webtiles) character file.

Game seed: 6056880114337888281

1488 night the Firebug (level 8, -7/41 HPs)
             Began as a Gargoyle Fire Elementalist on Apr 3, 2019.
             Was a Follower of Vehumet.
             Mangled by an orc warrior
             ... wielding a +0 scimitar
              (8 damage)
             ... on level 6 of the Dungeon.
             The game lasted 00:22:20 (7363 turns).

night the Firebug (Gargoyle Fire Elementalist)      Turns: 7363, Time: 00:22:21

Health: -7/41      AC:  9    Str: 13    XL:     8   Next: 80%
Magic:  1/16       EV: 15    Int: 17    God:    Vehumet [*.....]
Gold:   250        SH:  0    Dex: 10    Spells: 7/18 levels left

rFire    . . .     SeeInvis .   a - +0 whip (drain)
rCold    . . .     Gourm    .   (no shield)
rNeg     + . .     Faith    .   D - +0 robe
rPois    ∞         Spirit   .   (no helmet)
rElec    +         Reflect  .   x - +0 cloak
rCorr    .         Harm     .   d - +0 pair of gloves
MR       .....                  (no boots)
Stlth    ++........             (no amulet)
HPRegen  0.13/turn              u - +3 ring of evasion
MPRegen  0.15/turn              (no ring)

@: no status effects
A: negative energy resistance 1, electricity resistance, unbreathing,
petrification resistance, rot immunity, AC +5
a: Renounce Religion


You were on level 6 of the Dungeon.
You worshipped Vehumet.
Vehumet was aware of your devotion.
You were not hungry.

You visited 2 branches of the dungeon, and saw 7 of its levels.

You collected 250 gold pieces.

Inventory:

Hand Weapons
 a - a +0 whip of draining (weapon)
 g - a +0 longbow
 p - a +0 rapier
 w - a +2 vampiric scythe
 B - a +3 dagger
Missiles
 i - 32 bolts
 n - 210 stones (quivered)
 t - 22 arrows
Armour
 d - a +0 pair of gloves (worn)
 x - a +0 cloak (worn)
 y - a +0 troll leather armour
 A - a scarf of cloud immunity
 D - a +0 robe (worn)
Magical Staves
 b - an uncursed staff of fire
 G - an uncursed staff of air
Jewellery
 u - a +3 ring of evasion (left hand)
Wands
 r - a wand of iceblast (10)
Scrolls
 e - 5 scrolls of identify {unknown}
 h - 8 scrolls of teleportation {unknown}
 k - a scroll of random uselessness {unknown}
 l - 4 scrolls of remove curse {unknown}
 q - 2 scrolls of magic mapping {unknown}
 s - 3 scrolls of amnesia {unknown}
 C - a scroll of fog {unknown}
 E - a scroll of immolation {unknown}
Potions
 f - a potion of resistance {unknown}
 j - 2 potions of curing {unknown}
 m - a potion of agility {unknown}
 o - a potion of ambrosia {unknown}
 v - 3 potions of mutation {unknown}
 z - a potion of magic {unknown}
 F - 2 potions of might {unknown}
Comestibles
 c - 5 rations


   Skills:
 - Level 1.5 Dodging
 - Level 2.1 Stealth
 + Level 5.9 Spellcasting
 + Level 6.7 Conjurations
 + Level 6.8 Fire Magic


You had 7 spell levels left.
You knew the following spells:

 Your Spells              Type           Power        Failure   Level  Hunger
a - Flame Tongue          Conj/Fire      ####.        1%          1    None
b - Throw Flame           Conj/Fire      ####..       1%          2    None
c - Conjure Flame         Conj/Fire      ####....     2%          3    ##.....
d - Fireball              Conj/Fire      ####......   22%         5    #####..

Your spell library contained the following spells:

 Spells                   Type           Power        Failure   Level  Hunger
 Sandblast                Erth           #.....       13%         1    None
 Sticky Flame             Conj/Fire      ####....     8%          4    ####...
 Inner Flame              Hex/Fire       ###.....     10%         3    ##.....


Dungeon Overview and Level Annotations

Branches:
Dungeon (6/15)             Temple (1/1) D:4

Altars:
Ashenzari
Cheibriados
Dithmenos
Elyvilon
Fedhas
Gozag
Hepliaklqana
Kikubaaqudgha
Makhleb
Nemelex Xobeh
Okawaru
Qazlal
Ru
Sif Muna
Trog
Vehumet
Wu Jian
Xom
Yredelemnul
Zin
The Shining One

Annotations:
D:3 3 runed translucent doors, Flogoulo's ghost, amateur HuSu; MalarOregon's ghost, amateur MfFi; havocjr3's ghost, amateur KoGl; poxu's ghost, amateur MiFi


Innate Abilities, Weirdness & Mutations

You are resistant to torment.
Your stone body is resilient. (AC +5)
You are immune to poison.
You resist negative energy. (rN+)
You are resistant to electric shocks. (rElec)
You can survive without breathing.
You are immune to petrification.
You are immune to rotting.


Message History

Confirm with . or Enter, or press ? or * to list all spells.
Aiming: Flame Tongue (safe; 1% risk of failure)
Press: ? - help, Shift-Dir - straight line, f/p - orc warrior
Aim: an orc warrior, wielding a +0 scimitar and wearing a +0 chain mail (almost dead)
The flame tongue hits the orc warrior.
The orc warrior is almost dead.
The orc warrior completely misses you.
A giant cockroach comes into view.
The giant cockroach barely misses you.
You see here a quarterstaff.
The orc warrior hits you with a +0 scimitar!
* * * LOW HITPOINT WARNING * * *
Casting: Flame Tongue (safe; 1% risk of failure)
Confirm with . or Enter, or press ? or * to list all spells.
Aiming: Flame Tongue (safe; 1% risk of failure)
Press: ? - help, Shift-Dir - straight line, f/p - orc warrior
Aim: an orc warrior, wielding a +0 scimitar and wearing a +0 chain mail (almost dead)
The flame tongue misses the orc warrior.
The orc warrior hits you with a +0 scimitar!
You die...

#.# #.# #.# #### #.. #(..
..# #.## #.# #.# #.# #.#
.##############<# #.#
...........@os).# #.#
........#######.#########.#
#######.# #...>.......##
#.# #.#########... #.# #..
.......... #.#
###########... #.#
#.........# #.######
#.#####.### #.##...#####.#
#.###


You could see an orc warrior and a giant cockroach.

Vanquished Creatures
  Sigmund (D:4)
  A necrophage (D:6)
  A sky beast (D:5)
  3 ogres
  2 phantoms
  A wyvern zombie (D:4)
  A crimson imp (D:5)
  A bullfrog skeleton (D:6)
  An orc priest (D:5)
  Natasha (twice) (D:4)
  5 orc wizards
  2 worker ants
  A hound skeleton (D:6)
  4 gnolls (D:5)
  15 adders
  2 howler monkey skeletons
  A shadow imp (D:5)
  3 oozes
  An adder skeleton (D:4)
  A worm (D:3)
  A dart slug (D:1)
  A leopard gecko (D:1)
  22 orcs
  A giant cockroach (D:2)
  4 goblins
  5 hobgoblins
  14 jackals
  8 kobolds
  4 quokkas
  5 ball pythons (D:4)
  5 bats
  3 frilled lizards
  8 rats
130 creatures vanquished.

Vanquished Creatures (others)
  4 plants (D:5)
  2 withered plants (D:3)
6 creatures vanquished.

Grand Total: 136 creatures vanquished

Notes
Turn   | Place    | Note
-------+----------+-------------------------------------------
     0 | D:1      | night the Gargoyle Fire Elementalist began the quest for
                  | the Orb.
     0 | D:1      | Reached XP level 1. HP: 10/10 MP: 3/3
   380 | D:1      | Reached XP level 2. HP: 15/15 MP: 0/5
   753 | D:1      | Reached XP level 3. HP: 5/19 MP: 3/6
  1147 | D:1      | Learned a level 2 spell: Throw Flame
  1151 | D:1      | Learned a level 3 spell: Conjure Flame
  2115 | D:3      | Reached XP level 4. HP: 19/24 MP: 4/8
  2244 | D:3      | Found a runed translucent gate.
  2244 | D:3      | Found a runed translucent gate.
  2244 | D:3      | Found a runed translucent gate.
  2244 | D:3      | Noticed Flogoulo's ghost (amateur HuSu)
  2244 | D:3      | Noticed MalarOregon's ghost (amateur MfFi)
  2245 | D:3      | Noticed havocjr3's ghost (amateur KoGl)
  2245 | D:3      | Noticed poxu's ghost (amateur MiFi)
  2337 | D:3      | Found a shimmering altar of Xom.
  2337 | D:3      | Found a shimmering altar of Xom.
  2338 | D:3      | Found a shimmering altar of Xom.
  2338 | D:3      | Found a shimmering altar of Xom.
  2339 | D:3      | Found a shimmering altar of Xom.
  2346 | D:3      | Found a shimmering altar of Xom.
  3156 | D:4      | Noticed an ogre
  3168 | D:4      | Killed an ogre
  3168 | D:4      | Reached XP level 5. HP: 27/28 MP: 0/10
  3325 | D:4      | Found a staircase to the Ecumenical Temple.
  3344 | D:4      | Reached XP level 6. HP: 15/32 MP: 1/11
  3348 | D:4      | Noticed a phantom
  3357 | Temple   | Entered the Ecumenical Temple
  3716 | Temple   | Became a worshipper of Vehumet
  3922 | D:4      | Killed a phantom
  4132 | D:4      | Reached skill level 5 in Fire Magic
  4132 | D:4      | Reached XP level 7. HP: 36/36 MP: 0/13
  4133 | D:4      | Noticed Sigmund
  4334 | D:4      | Killed Sigmund
  4334 | D:4      | Reached skill level 5 in Conjurations
  4491 | D:4      | Found an opulent altar of Gozag.
  4560 | D:4      | Found a bloodstained altar of Trog.
  4905 | D:4      | Found a stormy altar of Qazlal.
  4905 | D:4      | Noticed Natasha
  4937 | D:4      | Killed Natasha
  5070 | D:4      | Noticed Natasha
  5073 | D:4      | Killed Natasha
  5305 | D:4      | Reached * piety under Vehumet
  5305 | D:4      | Offered knowledge of Sandblast by Vehumet.
  5378 | D:5      | Entered Level 5 of the Dungeon
  5378 | D:5      | Found an ornate altar of the Wu Jian Council.
  5715 | D:5      | Reached skill level 5 in Spellcasting
  5715 | D:5      | Reached XP level 8. HP: 41/41 MP: 0/15
  5722 | D:5      | Learned a level 5 spell: Fireball
  7041 | D:6      | Found a burning altar of Makhleb.
  7360 | D:6      | HP: 1/41 [orc warrior/+0 scimitar (12)]
  7363 | D:6      | Mangled by an orc warrior

Skill      XL: |  1  2  3  4  5  6  7  8 |
---------------+-------------------------+-----
Conjurations   | 2 3 4 5 6 |  6.7
Spellcasting   | 3 4 5 |  5.9
Fire Magic     | 4 5 6 |  6.8
Dodging        | |  1.5
Stealth        | |  2.1

Action                   |  1- 3 |  4- 6 |  7- 9 || total
-------------------------+-------+-------+-------++-------
Melee: Unarmed           |    15 |       |       ||    15
       Short sword       |    31 |       |       ||    31
       Rapier            |    36 |    57 |    75 ||   168
       Whip              |       |       |     5 ||     5
 Fire: Longbow           |       |       |     2 ||     2
 Cast: Flame Tongue      |    29 |    53 |    77 ||   159
       Throw Flame       |     1 |    19 |    56 ||    76
       Conjure Flame     |       |     1 |     1 ||     2
       Fireball          |       |       |     3 ||     3
Evoke: Wand              |       |       |     2 ||     2
 Stab: Sleeping          |     2 |     3 |     6 ||    11
  Eat: Chunk             |     4 |     7 |    10 ||    21
       Ration            |       |       |     1 ||     1
Armor: Robe              |    24 |    28 |    40 ||    92
       Troll leather arm |       |       |    10 ||    10
Dodge: Dodged            |    64 |    46 |    97 ||   207
